[Event "Czech Open Rapid G1 2024"]
[Site "Pardubice"]
[Date "2024.07.18"]
[Round "6.3"]
[White "Burdalev, Kirill"]
[Black "Pulpan, Jakub"]
[Result "1/2-1/2"]
[Annotator "RC"]
[ECO "A50"]
[WhiteElo "2348"]
[BlackElo "2383"]
[PlyCount "159"]
[EventDate "2024.07.16"]
[EventType "swiss"]
[EventCountry "CZE"]
[SourceTitle "playchess.com"]
[Source "ChessBase"]
[SourceQuality "1"]
[TimeControl "1200+10"]

1. d4 Nf6 2. c4 e6 3. Bf4 d5 4. cxd5 exd5 5. e3 c5 6. dxc5 Bxc5 7. Nf3 Nc6 8. Nc3 O-O 9. Be2 d4 10. exd4 Nxd4 11. Nxd4 Bxd4 12. O-O Bxc3 13. bxc3 Qa5 14. Qb3 Nd5 15. Bd2 Nb6 16. Bf3 Be6 17. Qb4 Qxb4 18. cxb4 Bd5 19. Bxd5 Nxd5 20. Rac1 Rfc8 21. Rfd1 f6 22. Kf1 Kf7 23. Ke2 h5 24. h4 Ke6 25. a3 Kf5 26. Be1 Nf4+ 27. Kf1 Rxc1 28. Rxc1 Nd5 29. Rc5 Rd8 30. Ra5 a6 31. b5 axb5 32. Rxb5 Rd7 33. f3 Ke5 34. Bc3+ Kd6 35. Bd4 b6 36. g3 Kc6 37. Rb3 Ra7 38. Ke2 Ra4 39. Kd3 g5 40. Ke4 Kd6 41. Kd3 gxh4 42. gxh4 Nf4+ 43. Ke4 Nd5 44. Kd3 Nf4+ 45. Ke4 Nd5 46. Kd3 Ra6 47. Bf2 Ke5 48. Bg3+ Ke6 49. Kd2 Kf5 50. Rb5 Ke6 51. Rb3 Ra4 52. Bf2 b5 53. Bg3 Rd4+ 54. Ke2 Ra4 55. Be1 Nf4+ 56. Kf1 Ng6 57. Rxb5 Rxa3 58. Rxh5 Nf4 59. Ra5 Rxf3+ 60. Kg1 Rb3 61. Bd2 Nd3 62. Kf1 Ne5 63. h5 Rb1+ 64. Ke2 Rb2 65. Ra6+ Kf5 66. Kd1 Rb1+ 67. Kc2 Rh1 68. h6 Rh2 69. Kc3 Rh3+ 70. Kc2 Ng4 71. Ra5+ Kg6 72. Ra4 Ne5 73. Ra8 Rh2 74. Kc3 Kf5 75. Ra7 Ng4 76. Ra5+ Ke4 77. Ra4+ Kf3 78. Rf4+ Kg3 79. Rf5 Nxh6 80. Rxf6 1/2-1/2

[Event "Czech Open Rapid G1 2024"]
[Site "Pardubice"]
[Date "2024.07.18"]
[Round "6.4"]
[White "Jirka, Jiri"]
[Black "Dobrowolski, Piotr"]
[Result "0-1"]
[Annotator "TA"]
[ECO "A63"]
[WhiteElo "2387"]
[BlackElo "2412"]
[PlyCount "62"]
[EventDate "2024.07.16"]
[EventType "swiss"]
[EventCountry "CZE"]
[SourceTitle "playchess.com"]
[Source "ChessBase"]
[SourceQuality "1"]
[TimeControl "1200+10"]

1. d4 e6 2. c4 c5 3. d5 exd5 4. cxd5 d6 5. Nc3 g6 6. Nf3 Bg7 7. g3 Nf6 8. Bg2 O-O 9. O-O Re8 10. h3 a6 11. a4 Nbd7 12. Bf4 Nh5 13. Bg5 f6 14. Bd2 {[%emt 0:00:07] Hoping for g4. White is slightly better.} f5 {[%emt 0:00:03] [#]} 15. e4 $1 {[%emt 0:06:49] Strongly threatening exf5.} Nf8 (15... Bxc3 16. bxc3) 16. exf5 gxf5 17. Nh4 Nf6 18. Qc2 Qd7 19. f4 (19. a5 $16 {Threatens to win with Na4.} b5 20. axb6) 19... Ng6 20. Nf3 Nh5 (20... Rb8 $14) 21. Kh2 $16 Bf6 22. Rfe1 Rf8 23. Rg1 Qg7 24. Bf1 Bd7 25. Bd3 Bd8 {[%emt 0:04:24] [#]} (25... Rae8 $16 {is a better defense.}) 26. Nd1 $1 $18 c4 27. Bxc4 Rc8 28. Qb3 Re8 (28... Nf6 {keeps fighting.} 29. Bc3 b5) 29. Bd3 Nf6 30. Bc3 Ng4+ $2 (30... Qf7 31. Qxb7 Ne4) 31. Kg2 $2 (31. hxg4 $18 {is the precise move to win.} Rxc3 32. Nxc3 (32. bxc3 fxg4 33. Ng5 Rf8 $18) (32. Qxc3 Bf6 $18) 32... fxg4 33. Ng5 (33. Bxg6 $2 gxf3 34. Rge1 Qh6+ 35. Kg1 Rxe1+ 36. Rxe1 Qh3 $19)) 31... Qh6 $2 {[%emt 0:02:08][%mdl 40960] Weighted Error Value: White=0.23 (precise) /Black=0.29 (precise) .  Loses game:     	---       	Black=1      Missed win:     	White=1     	---        Mistake:       	White=1     	Black=4      Inaccurate:     	---       	Black=2      OK:         	White=9     	Black=7      Best:        	White=1     	Black=2      Brilliant:      	White=1     	---       . Loss on time!?} (31... Nf6 $16) 0-1

[Event "Czech Open Rapid G1 2024"]
[Site "Pardubice"]
[Date "2024.07.18"]
[Round "6.5"]
[White "Kulon, Klaudia"]
[Black "Konopka, Michal"]
[Result "1-0"]
[Annotator "RC"]
[ECO "A15"]
[WhiteElo "2380"]
[BlackElo "2326"]
[PlyCount "55"]
[EventDate "2024.07.16"]
[EventType "swiss"]
[EventCountry "CZE"]
[SourceTitle "playchess.com"]
[Source "ChessBase"]
[SourceQuality "1"]
[TimeControl "1200+10"]

1. c4 Nf6 2. g3 c6 3. b3 g6 4. Bb2 Bg7 5. e4 O-O 6. Bg2 d5 7. cxd5 cxd5 8. e5 Nfd7 9. d4 Nc6 10. Nc3 Nb6 11. f4 Bf5 12. a3 Rc8 13. h3 f6 14. g4 fxe5 15. gxf5 exd4 16. Nb5 e5 17. Nf3 a6 18. fxe5 axb5 19. f6 Nxe5 20. Nxe5 Qxf6 21. Nf3 Rce8+ 22. Kf2 Qh4+ 23. Kg1 Qg3 24. h4 Re3 25. Rh3 Qf4 26. Bc1 d3 27. Ra2 Bd4 28. Nxd4 1-0

[Event "Czech Open Rapid G1 2024"]
[Site "Pardubice"]
[Date "2024.07.18"]
[Round "6.6"]
[White "Cerveny, Martin"]
[Black "Movsesian, Julia"]
[Result "1/2-1/2"]
[Annotator "RC"]
[ECO "E35"]
[WhiteElo "2325"]
[BlackElo "2202"]
[PlyCount "84"]
[EventDate "2024.07.16"]
[EventType "swiss"]
[EventCountry "CZE"]
[SourceTitle "playchess.com"]
[Source "ChessBase"]
[SourceQuality "1"]
[TimeControl "1200+10"]

1. d4 d5 2. c4 e6 3. Nc3 Nf6 4. cxd5 exd5 5. Bg5 Bb4 6. Qc2 h6 7. Bxf6 Qxf6 8. e3 Bf5 9. Qb3 Qb6 10. Qxd5 Bd7 11. Qe4+ Kf8 12. Rc1 Nc6 13. Bc4 Na5 14. Be2 Re8 15. Qc2 Bc6 16. Nf3 Be4 17. Qd2 Qf6 18. O-O Bxc3 19. Rxc3 Nc6 20. Rfc1 g5 21. d5 Rd8 22. Rc5 g4 23. Ne1 Rg8 24. Bb5 Ne5 25. Qb4 Bf5 26. Rxc7+ Kg7 27. e4 Bg6 28. Rxb7 Qf4 29. Rcc7 Rxd5 30. Qc3 Rd2 31. Qe3 Qxe3 32. fxe3 Rxb2 33. Bc6 Rxa2 34. Bd5 Re2 35. Nc2 Kh8 36. Kf1 Rd2 37. Rxa7 Nd3 38. Ra8 Rxa8 39. Bxa8 Rf2+ 40. Kg1 Rd2 41. Kf1 Rf2+ 42. Kg1 Rd2 1/2-1/2

[Event "Czech Open Rapid G1 2024"]
[Site "Pardubice"]
[Date "2024.07.18"]
[Round "6.7"]
[White "Abdulov, Orkhan"]
[Black "Bures, Jaroslav"]
[Result "1-0"]
[Annotator "RC"]
[ECO "B19"]
[WhiteElo "2382"]
[BlackElo "2418"]
[PlyCount "133"]
[EventDate "2024.07.16"]
[EventType "swiss"]
[EventCountry "CZE"]
[SourceTitle "playchess.com"]
[Source "ChessBase"]
[SourceQuality "1"]
[TimeControl "1200+10"]

1. e4 c6 2. d4 d5 3. Nc3 dxe4 4. Nxe4 Bf5 5. Ng3 Bg6 6. h4 h6 7. Nf3 Nd7 8. Bd3 Bxd3 9. Qxd3 e6 10. Bd2 Ngf6 11. Qe2 c5 12. O-O-O cxd4 13. Nxd4 Qb6 14. Ndf5 O-O-O 15. Be3 Qa5 16. Qc4+ Qc7 17. Qxc7+ Kxc7 18. Bf4+ e5 19. Bd2 g6 20. Ne3 Bc5 21. f3 Nb6 22. Ne4 Nxe4 23. fxe4 Rd7 24. Ng4 Nc4 25. Bc3 Bd4 26. Bxd4 Rxd4 27. Rxd4 exd4 28. Rd1 h5 29. Rxd4 hxg4 30. Rxc4+ Kd7 31. g3 g5 32. hxg5 Rh3 33. Rc3 Ke6 34. Kd2 Ke5 35. Rc7 Ke6 36. Ke3 Rxg3+ 37. Kf4 Rg2 38. Rxb7 Rxc2 39. Kxg4 a5 40. Kf4 Rf2+ 41. Ke3 Rg2 42. Rb6+ Ke7 43. Rb5 a4 44. a3 Kf8 45. Kd4 Kg7 46. Kc3 Kg6 47. Ra5 Rg3+ 48. Kc4 Rb3 49. Rb5 Re3 50. Kd4 Rg3 51. Rb4 Rg2 52. Kc3 Rg3+ 53. Kc4 Rg2 54. Kb5 Kxg5 55. Kxa4 Kf4 56. Kb5 Rg5+ 57. Kc6 Rg6+ 58. Kd7 Ra6 59. Ke7 f6 60. a4 Ke5 61. b3 Ra7+ 62. Kd8 Kd6 63. Rb6+ Ke5 64. Kc8 Rf7 65. Rb4 Kd6 66. a5 Kc5 67. Rb6 1-0

[Event "Czech Open Rapid G1 2024"]
[Site "Pardubice"]
[Date "2024.07.18"]
[Round "6.8"]
[White "Seger, Ruediger"]
[Black "Neuman, Petr"]
[Result "1/2-1/2"]
[Annotator "TA"]
[ECO "C41"]
[WhiteElo "2264"]
[BlackElo "2441"]
[PlyCount "88"]
[EventDate "2024.07.16"]
[EventType "swiss"]
[EventCountry "CZE"]
[SourceTitle "playchess.com"]
[Source "ChessBase"]
[SourceQuality "1"]
[TimeControl "1200+10"]

1. e4 d6 2. d4 Nf6 3. Nc3 e5 4. Nf3 Nbd7 5. Bc4 Be7 6. O-O O-O 7. a4 c6 8. h3 a5 9. Be3 exd4 10. Nxd4 Nc5 11. f3 Re8 {[%emt 0:00:18] White is slightly better.} 12. Qd2 Bf8 13. Rfe1 Nfd7 14. Bf1 Ne5 15. Rad1 Qc7 16. Bf2 Bd7 17. f4 Ng6 18. g3 Rad8 19. Bg2 Bc8 20. b3 Be7 21. Nde2 Nf8 22. g4 Nfe6 23. Ng3 Bh4 24. Nf5 (24. f5 {with more complications.} Nf8 25. Nh5 Qe7 26. Bxh4 Qxh4 27. Qf2) 24... Bxf2+ 25. Qxf2 g6 (25... Nf8 $14) 26. Ne3 $16 f6 (26... d5 $2 27. exd5 Qxf4 (27... Nxf4 $2 28. d6 $18) 28. dxe6 $18) 27. Nc4 b6 28. f5 gxf5 (28... Nf8 $16) 29. exf5 $18 Ng7 30. Rxe8+ Nxe8 31. Qg3 {[%emt 0:01:51] White is much more active. The black rooks are passive.} Ba6 32. g5 (32. Re1 $16) 32... Bxc4 33. gxf6+ Kh8 34. bxc4 Nxf6 35. Qf3 Rg8 36. Kh1 {[%emt 0:00:39] [#]} (36. Rd2 $11 {was preferrable.}) 36... Qg7 (36... d5 $1 $17 {Strongly threatening ...Rg3.} 37. cxd5 Rg3) 37. Rxd6 $11 Ncd7 {[%emt 0:00:13] Excellent horsemanship.} (37... Qe7 $1 $11 38. Rd1 (38. Rxc6 $2 Qe1+ 39. Kh2 Qe5+ 40. Kh1 Rg3 $19) 38... Qe5) 38. Re6 (38. Rxc6 $2 {too greedy.} Ne5 39. Qf2 Nxc6 40. Bxc6 Nh5 $19) 38... Nh5 $1 39. Ne4 (39. Qxh5 $2 Qxg2#) (39. Qxc6 Ng3+ (39... Qxc3 40. Qxd7 Ng3+ 41. Kg1 $14) (39... Nf4 $2 40. f6 $17) 40. Kg1 Nxf5 $19) ({White should play} 39. Ne2 $1 $14) 39... Ne5 (39... Nf4 $1 $11 {remains equal.} 40. f6 Qxg2+ 41. Qxg2 Rxg2 42. Re8+ Rg8) 40. Rxe5 (40. Qxh5 $2 Qxg2#) ({White should try} 40. f6 $1 $16 Nxf3 41. fxg7+ Nxg7 42. Rxc6) 40... Qxe5 {[%emt 0:00:19] The position is equal.} 41. Qxh5 Qa1+ 42. Kh2 {[%emt 0:00:02] [#] Black must now prevent f6.} Qe5+ 43. Kh1 Qa1+ 44. Kh2 {[%emt 0:00:02] f6 is the strong threat.} Qe5+ {[%emt 0:00:02] Weighted Error Value: White=0.27 (precise) /Black=0.20 (precise) .  Mistake:       	White=4     	Black=5      Inaccurate:     	White=4     	Black=2      OK:         	White=10    	Black=13     Best:        	White=3     	Black=2      Strong:       	---       	Black=1} 1/2-1/2

[Event "Czech Open Rapid G1 2024"]
[Site "Pardubice"]
[Date "2024.07.18"]
[Round "6.9"]
[White "Brendel, Oliver"]
[Black "Johansson, Linus"]
[Result "0-1"]
[Annotator "TA"]
[ECO "A34"]
[WhiteElo "2291"]
[BlackElo "2451"]
[PlyCount "27"]
[EventDate "2024.07.16"]
[EventType "swiss"]
[EventCountry "CZE"]
[SourceTitle "playchess.com"]
[Source "ChessBase"]
[SourceQuality "1"]
[TimeControl "1200+10"]

1. c4 Nf6 2. Nc3 c5 3. g3 d5 4. cxd5 Nxd5 5. Bg2 Nc7 6. Nf3 Nc6 7. O-O e5 8. a3 Bd7 9. e3 Ne6 10. Nh4 ({Better is} 10. d3 $14) 10... g6 $11 11. Nd5 Bg7 $1 12. b4 O-O 13. Bb2 Rc8 14. Rc1 {[%emt 0:00:14][%mdl 32768] White got outplayed after the opening.   Weighted Error Value: White=0.28 (precise) /Black=0.13 (very precise) .  Mistake:       	White=1     	---        Inaccurate:     	White=1     	---        OK:         	White=1     	---        Best:        	---       	Black=1      Strong:       	---       	Black=1     . Loss on time!?} 0-1

[Event "Czech Open Rapid G1 2024"]
[Site "Pardubice"]
[Date "2024.07.18"]
[Round "6.10"]
[White "Lalic, Bogdan"]
[Black "Prokofiev, Valentyn"]
[Result "1/2-1/2"]
[Annotator "RC"]
[ECO "B38"]
[WhiteElo "2348"]
[BlackElo "2337"]
[PlyCount "83"]
[EventDate "2024.07.16"]
[EventType "swiss"]
[EventCountry "CZE"]
[SourceTitle "playchess.com"]
[Source "ChessBase"]
[SourceQuality "1"]
[TimeControl "1200+10"]

1. c4 g6 2. e4 Bg7 3. d4 c5 4. Nf3 cxd4 5. Nxd4 Nc6 6. Be3 Qb6 7. Nb5 Qa5+ 8. Bd2 Qd8 9. Bc3 Nf6 10. Nd2 d6 11. Be2 O-O 12. O-O Qb6 13. h3 a6 14. Na3 Be6 15. Nc2 Nd7 16. Bxg7 Kxg7 17. b3 Rfc8 18. Kh2 Qc5 19. f4 f6 20. Bg4 Bxg4 21. Qxg4 f5 22. Qe2 Nf6 23. exf5 Qxf5 24. Ne3 Qd7 25. Rae1 Rf8 26. Nf3 Rae8 27. Nd5 e6 28. Nxf6 Rxf6 29. Qb2 Qe7 30. Rd1 e5 31. c5 Kg8 32. cxd6 Rxd6 33. fxe5 Rxd1 34. Rxd1 Nxe5 35. Qxe5 Qxe5+ 36. Nxe5 Rxe5 37. Rd7 Rb5 38. Kg3 a5 39. Kf3 a4 40. bxa4 Rb2 41. a5 Rxa2 42. Rxb7 1/2-1/2

[Event "Czech Open Rapid G1 2024"]
[Site "Pardubice"]
[Date "2024.07.18"]
[Round "6.11"]
[White "Berin, Artem"]
[Black "Rasik, Vitezslav"]
[Result "1/2-1/2"]
[Annotator "RC"]
[ECO "E95"]
[WhiteElo "2234"]
[BlackElo "2415"]
[PlyCount "53"]
[EventDate "2024.07.16"]
[EventType "swiss"]
[EventCountry "CZE"]
[SourceTitle "playchess.com"]
[Source "ChessBase"]
[SourceQuality "1"]
[TimeControl "1200+10"]

1. d4 d6 2. Nf3 g6 3. c4 Bg7 4. Nc3 Nf6 5. e4 O-O 6. Be2 Nbd7 7. O-O e5 8. Re1 Re8 9. Bf1 a6 10. h3 exd4 11. Nxd4 Nc5 12. f3 Nh5 13. Be3 Ng3 14. Qd2 Nxf1 15. Rxf1 Ne6 16. Rad1 Bd7 17. Nxe6 Bxe6 18. Nd5 Bxd5 19. cxd5 Qd7 20. Bd4 Bxd4+ 21. Qxd4 f5 22. exf5 Qxf5 23. Rfe1 Qf7 24. Kf2 Rxe1 25. Rxe1 Re8 26. Rxe8+ Qxe8 27. h4 1/2-1/2

[Event "Czech Open Rapid G1 2024"]
[Site "Pardubice"]
[Date "2024.07.18"]
[Round "6.12"]
[White "Piesik, Piotr"]
[Black "Shilon Rahav, Eliran"]
[Result "1-0"]
[Annotator "TA"]
[ECO "D79"]
[WhiteElo "2415"]
[BlackElo "2055"]
[PlyCount "55"]
[EventDate "2024.07.16"]
[EventType "swiss"]
[EventCountry "CZE"]
[SourceTitle "playchess.com"]
[Source "ChessBase"]
[SourceQuality "1"]
[TimeControl "1200+10"]

1. Nf3 c5 2. g3 Nc6 3. Bg2 g6 4. c3 Bg7 5. d4 cxd4 6. cxd4 d5 7. O-O Nf6 8. Nc3 O-O 9. Ne5 e6 10. Nxc6 bxc6 11. Na4 Nd7 12. b3 c5 13. Bb2 Bb7 14. Rc1 {[%emt 0:00:08] The position is equal.} (14. Nxc5 $2 Nxc5 15. Ba3 Ne4 16. Bxf8 Bxf8 $19) 14... Rc8 15. Qd2 (15. Nxc5 $2 Nxc5 16. Ba3 Ne4 17. Rxc8 Qxc8 $17 (17... Bxc8 18. Bxf8 Qxf8 19. Qd3 $17)) 15... Qe7 {[%emt 0:00:33] [#]} (15... Bxd4 $11 {remains equal.} 16. Bxd4 cxd4) 16. Ba3 $1 $16 Rfd8 (16... Bxd4 $2 {perishes.} 17. Qxd4 cxd4 18. Bxe7 $18) 17. Nxc5 {[%emt 0:00:58] White is more active.} ({Don't take} 17. dxc5 $6 Bc6 $16) 17... Bc6 {[%emt 0:00:38] [#]} (17... Ba6 $16 18. Rc2 (18. Nxa6 Qxa3 19. Nb4 Qa5 $11) 18... Nxc5) 18. Nb7 $1 $18 Qxa3 19. Nxd8 Rxd8 20. Rxc6 Nb6 21. Rfc1 h5 22. h4 Qa6 $2 (22... Bf6 23. R1c5 Rd7) 23. a4 {[%emt 0:00:39] White is clearly winning.} Qb7 24. Rc7 Qa8 25. Qc3 Qb8 26. Qc5 Bf6 27. e3 Kg7 28. Qc6 {[%emt 0:00:20] Black got outplayed after the opening.   Weighted Error Value: White=0.12 (very precise) /Black=0.54.  Mistake:       	---       	Black=3      Inaccurate:     	---       	Black=1      OK:         	White=6     	Black=2      Strong:       	White=1     	---        Brilliant:      	White=1     	---} 1-0

[Event "Czech Open Rapid G1 2024"]
[Site "Pardubice"]
[Date "2024.07.18"]
[Round "6.13"]
[White "Karvatskyi, Oleksii"]
[Black "Kusa, Jakub"]
[Result "1-0"]
[Annotator "TA"]
[ECO "D00"]
[WhiteElo "1990"]
[BlackElo "2423"]
[PlyCount "63"]
[EventDate "2024.07.16"]
[EventType "swiss"]
[EventCountry "CZE"]
[SourceTitle "playchess.com"]
[Source "ChessBase"]
[SourceQuality "1"]
[TimeControl "1200+10"]

1. Nc3 d5 2. d4 Bf5 3. Bf4 e6 4. Nf3 Bd6 5. Ne5 f6 6. Nd3 Bxd3 $1 7. Bxd6 Bxe2 $1 8. Qxe2 {[%emt 0:00:50] Black is better.} Qxd6 9. g3 Ne7 (9... Nc6 $15 10. O-O-O f5) 10. Bh3 (10. O-O-O $11 {feels stronger.}) 10... Kf7 11. O-O-O Nf5 (11... f5 $15) 12. Bxf5 $14 exf5 13. Qf3 c6 14. Qxf5 Qe6 {[%emt 0:01:25] Repels Ne2} 15. Qd3 Nd7 16. Ne2 Rae8 17. Nf4 Qe7 18. h4 g6 19. g4 Qd6 20. Qg3 {[%emt 0:00:12][%cal Of4g6] And now Nxg6! would win.} Re4 $2 {[%emt 0:00:14][%mdl 8192] [#] This move loses the game for Black.} (20... Rhg8 $11 {and Black has nothing to worry.}) 21. Nxg6 $1 $18 {[%emt 0:00:17][%mdl 512] White is clearly winning.} Qxg3 22. Nxh8+ Kg7 23. fxg3 Kxh8 {[%emt 0:00:03][%mdl 4096] Endgame. KRR-KRN} 24. g5 Kg7 25. Rhe1 f5 26. Rxe4 dxe4 {[%emt 0:00:09] KR-KN} 27. Kd2 Kg6 28. Rf1 b5 29. b3 Nb6 {[%emt 0:00:02] [#]} 30. g4 $1 fxg4 31. Rf6+ Kg7 32. Re6 {[%emt 0:00:14] Weighted Error Value: White=0.10 (very precise) /Black=0.47.  Loses game:     	---       	Black=1      Mistake:       	White=1     	Black=2      Inaccurate:     	White=1     	Black=2      OK:         	White=7     	Black=7      Best:        	White=3     	---        Strong:       	---       	Black=2      Brilliant:      	White=1     	---} 1-0

[Event "Czech Open Rapid G1 2024"]
[Site "Pardubice"]
[Date "2024.07.18"]
[Round "6.14"]
[White "Fishchuk, Vladyslav"]
[Black "Freisler, Pavel"]
[Result "1-0"]
[Annotator "RC"]
[ECO "A00"]
[WhiteElo "2234"]
[BlackElo "2261"]
[PlyCount "91"]
[EventDate "2024.07.16"]
[EventType "swiss"]
[EventCountry "CZE"]
[SourceTitle "playchess.com"]
[Source "ChessBase"]
[SourceQuality "1"]
[TimeControl "1200+10"]

1. Nc3 e5 2. Nf3 Nc6 3. d4 exd4 4. Nxd4 g6 5. Nd5 Bc5 6. Nb5 Bb6 7. Bf4 d6 8. e3 Be6 9. Nxb6 axb6 10. Be2 Nge7 11. a3 Nd5 12. Bg3 h5 13. e4 Nde7 14. Bh4 Qd7 15. Qd2 O-O-O 16. O-O f5 17. exf5 Bxf5 18. a4 Qe6 19. Rfe1 Rde8 20. a5 bxa5 21. Bf3 Qc4 22. Bxe7 Qxb5 23. Bf6 Rhf8 24. c4 Rxe1+ 25. Rxe1 Qxc4 26. Bd5 Qd3 27. Qh6 Rxf6 28. Bxc6 bxc6 29. Qh8+ Kb7 30. Qxf6 Qd2 31. Ra1 c5 32. h3 Kb6 33. Qh8 Kb7 34. Qg7 Bc2 35. Qf7 a4 36. Qc4 Kb6 37. Qg8 Kb7 38. Qe8 Qd3 39. Re1 Bb3 40. Qh8 Qd4 41. Qe8 Qd3 42. Re3 Qb1+ 43. Kh2 Qxb2 44. Qb5+ Ka7 45. Re7 Qxf2 46. Rxc7+ 1-0

[Event "Czech Open Rapid G1 2024"]
[Site "Pardubice"]
[Date "2024.07.18"]
[Round "6.15"]
[White "Novotny, Dominik"]
[Black "Stocek, Jiri"]
[Result "0-1"]
[Annotator "TA"]
[ECO "B07"]
[WhiteElo "1921"]
[BlackElo "2524"]
[PlyCount "68"]
[EventDate "2024.07.16"]
[EventType "swiss"]
[EventCountry "CZE"]
[SourceTitle "playchess.com"]
[Source "ChessBase"]
[SourceQuality "1"]
[TimeControl "1200+10"]

1. e4 d6 2. d4 Nf6 3. Nc3 g6 4. h3 a6 5. g4 b5 6. Bg2 {[%emt 0:01:23] [#] Hoping for e5.} Bb7 7. a3 Nbd7 8. Nge2 {[%emt 0:02:57] The position is equal.} e5 (8... Bg7 $11) 9. O-O (9. d5 $14) 9... c6 (9... Bg7 $1 $11) 10. Be3 Bg7 11. Ng3 O-O 12. f4 exd4 13. Bxd4 Nb6 14. f5 (14. Qd3 $14) 14... c5 $15 15. Be3 Nc4 16. Bf4 Nd7 17. Nge2 Nxb2 {[%emt 0:01:00] Black is more active.} 18. Qxd6 Nc4 19. Qc7 {[%emt 0:00:18] Now White is beyond hope.} (19. Qd3 $17) 19... Qxc7 $19 20. Bxc7 Ne3 {[%emt 0:00:44][%csl LRc2,LRf1] Prevents Rad1} 21. Rfc1 Rac8 22. Bd6 Rfe8 23. Ra2 Ne5 {[%emt 0:01:38] aiming for ...Nxg2.} 24. Bxe5 Bxe5 25. Bh1 Bf6 {[%emt 0:01:51] This pair of bishops is nice.} 26. Kf2 Bg5 27. Re1 (27. Bf3 {was worth a try.}) 27... b4 28. Nd5 (28. Rb1) 28... Nxd5 {[%emt 0:00:28] Black is clearly winning.} 29. exd5 {[%emt 0:00:01] White is weak on the dark squares} Bh4+ 30. Kf1 Bxe1 31. Kxe1 Re5 {[%emt 0:01:01][%csl LRd5,LRf5] [#] Strongly threatening ...Rce8.} 32. axb4 cxb4 {[%emt 0:00:06] ...b3 is the strong threat.} 33. Kf1 Bxd5 34. Rxa6 Bxh1 {[%emt 0:00:16] Weighted Error Value: White=0.71/Black=0.16 (very precise) .  Mistake:       	White=5     	Black=2      Inaccurate:     	White=2     	Black=1      OK:         	White=4     	Black=10     Best:        	White=1     	Black=3} 0-1

[Event "Czech Open Rapid G1 2024"]
[Site "Pardubice"]
[Date "2024.07.18"]
[Round "6.16"]
[White "Jares, Michal"]
[Black "Flasar, Jaroslav"]
[Result "1-0"]
[Annotator "RC"]
[ECO "B40"]
[WhiteElo "2382"]
[BlackElo "2012"]
[PlyCount "55"]
[EventDate "2024.07.16"]
[EventType "swiss"]
[EventCountry "CZE"]
[SourceTitle "playchess.com"]
[Source "ChessBase"]
[SourceQuality "1"]
[TimeControl "1200+10"]

1. e4 c5 2. Nf3 e6 3. b3 Nc6 4. Bb2 Nf6 5. e5 Nd5 6. c4 Nde7 7. Nc3 a6 8. Bd3 Qc7 9. O-O b6 10. Re1 Bb7 11. Ne4 Ng6 12. Neg5 Be7 13. Be4 f5 14. exf6 gxf6 15. Nxh7 f5 16. Bxc6 Bxc6 17. Bxh8 Nxh8 18. d4 cxd4 19. Nxd4 O-O-O 20. Nxc6 dxc6 21. Qe2 Bd6 22. Qxe6+ Kb8 23. Nf6 Bxh2+ 24. Kf1 Ng6 25. Rad1 Rh8 26. Nd7+ Ka7 27. Qxg6 Bf4 28. g3 1-0

[Event "Czech Open Rapid G1 2024"]
[Site "Pardubice"]
[Date "2024.07.18"]
[Round "6.17"]
[White "Sherman, Raem"]
[Black "Eropunov, Gleb"]
[Result "0-1"]
[Annotator "ChessBase"]
[ECO "B22"]
[WhiteElo "2358"]
[BlackElo "2190"]
[PlyCount "294"]
[EventDate "2024.07.16"]
[EventType "swiss"]
[EventCountry "CZE"]
[SourceTitle "playchess.com"]
[Source "ChessBase"]
[SourceQuality "1"]
[TimeControl "1200+10"]

1. e4 c5 2. c3 Nf6 3. e5 Nd5 4. Nf3 e6 5. d4 cxd4 6. cxd4 b6 7. Bc4 Ba6 8. Bxd5 exd5 9. Nc3 Bb4 10. Qb3 Bxc3+ 11. bxc3 Bc4 12. Qa3 Nc6 13. Bg5 f6 14. exf6 gxf6 15. Be3 Kf7 16. Nd2 Na5 17. Qd6 Qe7 18. Nxc4 dxc4 19. Qd5+ Qe6 20. Qh5+ Kg7 21. O-O Rhe8 22. d5 Qe4 23. Qh6+ Kf7 24. Bd4 Qf5 25. g3 Nb7 26. a4 Re7 27. Rae1 Rae8 28. Re3 Nd6 29. Kg2 Qg6 30. Qf4 Nf5 31. Rxe7+ Rxe7 32. Kg1 Nxd4 33. Qxd4 Qe4 34. Qd2 Re5 35. Rd1 d6 36. Qh6 Rxd5 37. Rxd5 Qxd5 38. Qxh7+ Ke6 39. Qc2 Qf3 40. h4 d5 41. Qd2 Ke5 42. Qe1+ Kd6 43. Qa1 Ke5 44. a5 bxa5 45. Qxa5 Kf5 46. Qc5 Kg4 47. Kh2 a5 48. Qc8+ Kh5 49. Qh8+ Kg6 50. Qg8+ Kf5 51. Qh7+ Ke6 52. Qc2 Qf5 53. Qb2 a4 54. Kg1 Qd3 55. h5 Qd1+ 56. Kg2 Qxh5 57. Qb6+ Kf7 58. Qa7+ Kg6 59. Qxa4 Qe2 60. Qb4 Qe4+ 61. Kh2 Qf3 62. Qb2 Kf5 63. Qd2 Qd3 64. Qc1 d4 65. Qf4+ Ke6 66. Qg4+ Ke7 67. cxd4 c3 68. d5 f5 69. Qb4+ Kd7 70. Qb7+ Kd8 71. Qb6+ Kd7 72. Qc6+ Ke7 73. Qc7+ Kf6 74. d6 Qd4 75. Qe7+ Kg6 76. Qe6+ Kg7 77. Qxf5 Qxd6 78. Qg4+ Qg6 79. Qd4+ Qf6 80. Qc5 Qh6+ 81. Kg2 Qd2 82. Qc7+ Kf6 83. Qc6+ Ke5 84. Qc7+ Kd4 85. Qd7+ Kc4 86. Qa4+ Kd3 87. Qa6+ Kc2 88. Qa2+ Kd1 89. Qb1+ Qc1 90. Qd3+ Ke1 91. Qe4+ Kd2 92. g4 c2 93. Qd4+ Ke2 94. Qc4+ Kd1 95. Qd3+ Qd2 96. Qf1+ Qe1 97. Qd3+ Kc1 98. Qd4 Qa5 99. Qe3+ Kb2 100. Qd4+ Qc3 101. Qb6+ Qb3 102. Qd4+ Qc3 103. Qb6+ Qb3 104. Qd4+ Kb1 105. Qe4 Ka2 106. Qf4 Qb2 107. Qa4+ Kb1 108. Qe4 Ka1 109. Qa4+ Qa2 110. Qd4+ Kb1 111. Qb4+ Qb2 112. Qe4 Qb5 113. Kh2 Qc5 114. Kg2 Kb2 115. Qe2 Kb3 116. Qd3+ Kb2 117. Qd2 Qc6+ 118. f3 Qc3 119. Qe2 Qc5 120. Kh3 Kb1 121. Qd3 Kb2 122. Qe2 Kb3 123. Qd3+ Ka2 124. Qe2 Ka1 125. Qa6+ Kb2 126. Qe2 Kb1 127. Qd3 Ka2 128. Qe2 Kb2 129. Kg2 Kc3 130. Qe1+ Kd3 131. Qc1 Qe3 132. Qa3+ Kd2 133. Qb4+ Ke2 134. Qc4+ Qd3 135. Qc6 Kd2 136. Qh6+ Ke2 137. Qc6 Ke1 138. Kg3 Qd2 139. Qe4+ Kd1 140. Qa4 Ke1 141. Qe4+ Kf1 142. Qc4+ Qe2 143. Qc5 Qe1+ 144. Kh3 c1=Q 145. Qd6 Qce3 146. Qf6 Q3f2 147. Qa6+ Kg1 0-1